Map: El Dorado

Players

WeAreLegion - Winner!

  • Race: Terran Terran
  • League: Silver
  • Spawn Location: 7:00

ALIAGA

  • Race: Terran Terran
  • League: Gold
  • Spawn Location: 5:00

VOD

Have the link to the VOD?

Description

Time

  • Played on: Dec. 14, 2024, 1:15 a.m.
  • Length: 8:10
Show
View Real Time Build Order
Export as new Build Order

WeAreLegion Terran - Winner!

Build Orders: Banshee Rush 

Get SALT Encoding   

  12  0:00  SCV  
  13  0:12  SCV  
  14  0:18  Supply Depot  
  14  0:24  SCV  
  15  0:39  SCV  
  15  0:41  Barracks  
  16  0:46  Refinery  
  16  0:56  SCV  
  17  1:07  Refinery  
  17  1:08  SCV  
  18  1:20  SCV  
  19  1:32  Orbital Command  
  19  1:34  Reaper  
  20  1:58  Factory  
  20  2:00  SCV  
  21  2:06  Marine  
  22  2:18  Supply Depot  
  22  2:24  Command Center  
  22  2:28  SCV  
  23  2:40  SCV  
  24  2:52  SCV  
  25  2:58  Starport, Factory Tech Lab  
  25  3:04  SCV, Barracks Reactor  
  26  3:16  SCV  
  27  3:22  Hellion  
  29  3:28  SCV  
  29  3:32  Supply Depot  
  30  3:36  Orbital Command  
  30  3:41  SCV  
  31  3:49  Marine x2  
  31  3:51  Banshee  
  31  3:53  SCV, Cloaking Field  
  37  3:57  Factory Tech Lab  
  38  4:02  SCV  
  38  4:05  SCV  
  39  4:13  Marine x2  
  39  4:15  SCV  
  42  4:17  SCV  
  42  4:18  Siege Tank  
  46  4:27  SCV  
  46  4:29  SCV  
  48  4:32  Barracks  
  48  4:36  Barracks  
  48  4:39  SCV  
  48  4:46  SCV  
  48  4:51  SCV  
  50  4:54  Banshee  
  50  4:58  SCV  
  54  5:11  Supply Depot  
  54  5:14  SCV x2, Siege Tank  
  59  5:15  Supply Depot  
  59  5:17  Engineering Bay  
  59  5:25  Marine  
  59  5:26  SCV x2  
  62  5:32  Marine  
  63  5:37  Raven  
  63  5:38  SCV  
  66  5:43  Marine  
  64  5:50  SCV x2  
  64  5:56  Barracks Tech Lab, Command Center  
  66  6:02  SCV  
  67  6:17  Stimpack  
  67  6:18  Marine x2  
  67  6:21  Factory Tech Lab  
  67  6:23  Combat Shield  
  69  6:28  Marine x2  
  71  6:36  Marine x2  
  73  6:46  Marine, Marauder  
  76  7:04  Marauder  
  80  7:08  Marauder  
  80  7:09  Marine x2  
  80  7:10  Siege Tank  
  85  7:25  Marine  
  85  7:27  Marine x2  
  90  7:30  Marauder  
  88  7:43  Marauder  
  96  8:00  Supply Depot  
  96  8:02  Supply Depot  
  96  8:04  Supply Depot  
Show
View Real Time Build Order
Export as new Build Order

ALIAGA Terran 

Build Orders: Gas First Reaper Expand 

Get SALT Encoding   

  12  0:01  SCV  
  13  0:19  Supply Depot  
  13  0:20  SCV  
  14  0:27  Refinery  
  14  0:32  SCV  
  15  0:45  Barracks  
  15  0:50  SCV  
  16  1:02  SCV  
  17  1:10  Barracks  
  17  1:14  SCV  
  18  1:26  SCV  
  19  1:34  Reaper  
  20  1:50  Orbital Command  
  20  2:04  Refinery  
  20  2:05  Barracks Tech Lab  
  20  2:18  Command Center  
  20  2:19  Barracks Reactor  
  20  2:24  SCV  
  21  2:36  Supply Depot  
  21  2:58  Marine x2  
  21  3:02  Marauder  
  26  3:12  SCV  
  26  3:14  Factory  
  26  3:19  Supply Depot  
  26  3:20  Stimpack  
  26  3:24  SCV  
  27  3:27  Marine x2  
  27  3:30  Marauder  
  31  3:34  Refinery  
  31  3:37  SCV  
  32  3:45  Marine x2  
  34  3:48  Supply Depot  
  34  3:49  SCV  
  35  3:57  Orbital Command  
  35  4:08  Engineering Bay  
  35  4:10  Factory Tech Lab  
  35  4:13  SCV  
  36  4:17  Marine  
  36  4:18  Marine  
  36  4:23  Supply Depot  
  37  4:48  Siege Tank  
  40  4:56  SCV  
  41  5:01  Starport  
  41  5:05  SCV  
  42  5:08  SCV  
  42  5:11  Supply Depot, Marine  
  42  5:12  Marine  
  45  5:15  Marauder  
  45  5:17  SCV  
  45  5:20  Combat Shield, SCV  
  49  5:29  SCV  
  49  5:41  SCV  
  46  5:56  Starport Reactor  
  46  6:06  Siege Tank  
  46  6:09  Missile Turret  
  46  6:10  SCV  
  50  6:15  Terran Infantry Weapons Level 1  
  51  6:18  SCV  
  51  6:23  SCV  
  52  6:25  Supply Depot  
  52  6:29  Marine  
  52  6:30  Marine  
  54  6:33  Medivac  
  54  6:34  Medivac  
  54  6:35  SCV  
  60  6:47  SCV, Marine  
  61  6:59  SCV  
  57  7:11  SCV  
  56  7:21  Viking  
  57  7:23  Marine  
  57  7:24  Marine  
  52  7:41  Marine x2  
Tags
 
Matchup
TvT
Race
Terran
Replay Pack
December
Spawn Locations
Close Positions
Strategy
Banshee Rush
Add a new tag
Caveats
  • Supply blocks, unpowered buildings, or Contaminate may cause inaccurate times.
  • Supply counts are checked every 10 seconds.